 Dungeon Crawl Stone Soup version 0.27.1-35-g4d5d836560 (console) character file.

Game seed: 14132971355601648899

46 grimtooth the Skirmisher (level 3, -5/31 HPs)
             Began as a Palentonga Abyssal Knight on June 8, 2022.
             Was a Follower of Lugonu.
             Killed by divine providence
             ... invoked by an orc priest
              (15 damage)
             ... on level 3 of the Dungeon.
             The game lasted 00:09:07 (1703 turns).

grimtooth the Skirmisher (PaAK)                     Turns: 1703, Time: 00:09:07

Health: -5/31      AC:  5    Str: 15    XL:     3   Next: 46%
Magic:  4/4        EV:  8    Int: 13    God:    Lugonu [*.....]
Gold:   109        SH:  0    Dex:  9    Spells: 2/2 levels left

rFire    . . .     SeeInvis +   a - +1 mace
rCold    . . .     Faith    .   (no shield)
rNeg     . . .     Spirit   .   c - +0 ring mail
rPois    .         Reflect  .   (no helmet)
rElec    .         Harm     .   (no cloak)
rCorr    .         Rampage  .   (no gloves)
Will     .....                  (no barding)
Stlth    ..........             (no amulet)
HPRegen  0.10/turn              (no ring)
MPRegen  0.09/turn              (no ring)

@: no status effects
A: large, rugged brown scales 3, see invisible, deformed body, roll 1, armoured
tail
a: Rolling Charge, Renounce Religion, Depart the Abyss


You were on level 3 of the Dungeon.
You worshipped Lugonu.
Lugonu was aware of your devotion.
You visited 1 branch of the dungeon, and saw 3 of its levels.
You visited the Abyss 1 time.

You collected 142 gold pieces.
You spent 33 gold pieces at shops.

Inventory:

Hand Weapons
 a - a +1 mace (weapon)
Missiles
 i - 22 stones
 j - 26 sling bullets
 l - 5 poisoned darts
Armour
 c - a +0 ring mail (worn)
Scrolls
 b - a scroll of amnesia
 e - 3 scrolls of summoning {unknown}
 f - 3 scrolls of enchant weapon {unknown}
 h - 3 scrolls of identify {@r4}
Potions
 d - a potion of lignification
 g - 3 potions of curing
 k - a potion of attraction


   Skills:
 + Level 3.5 Fighting
 * Level 3.4 Maces & Flails
 - Level 1.5 Armour
 - Level 0.7 Dodging
 - Level 2.0 Invocations


You had 2 spell levels left.
You didn't know any spells.
Your spell library contained the following spells:

 Spells                   Type           Power      Damage    Failure   Level
 Corpse Rot               Necr/Air       N/A        N/A       65%         2
 Poisonous Vapours        Pois/Air       0%         N/A       65%         2
 Freezing Cloud           Conj/Ice/Air   0%         6-21      100%        5


Dungeon Overview and Level Annotations

Branches:
Dungeon (3/15)

Altars:

Shops:
D:2 !


Innate Abilities, Weirdness & Mutations

You are completely covered in rugged brown scales. (AC +3, +7% HP)
You have supernaturally acute eyesight. (SInv)
Armour fits poorly on your strangely shaped body.
You can roll at nearby foes to attack.
You have a long armoured tail.


Message History

Aim: an orc priest, wielding a +2 dagger of protection You roll forward with a clatter of scales!
An orc comes into view. It is wielding a +0 dagger.
The orc shouts!
You hit the orc priest.
Your tail-slap misses the orc priest.
The orc priest is moderately wounded.
The orc priest hits you but does no damage.
The orc priest mumbles some strange prayers to Beogh against you.
Pain shoots through your body!
You hit the orc priest but do no damage.
The orc priest is moderately wounded.
The orc priest hits you but does no damage.
Okay, then.
You hit the orc priest but do no damage.
The orc priest is moderately wounded.
The orc priest hits you with a +2 dagger of protection.
You completely miss the orc priest.
The orc priest is moderately wounded.
The orc priest looks satisfied for a moment.
You hit the orc priest.
The orc priest is severely wounded.
The orc priest casts a cantrip, but nothing happens.
You hit the orc priest.
The orc priest is severely wounded.
The orc priest begins to cast a cantrip, but forgets the words!
The orc priest hits you with a +2 dagger of protection.
You hit the orc priest.
The orc priest is almost dead.
The orc priest hits you but does no damage.
You closely miss the orc priest.
The orc priest is almost dead.
The orc priest mumbles some strange prayers to Beogh against you.
Beogh smites you!
* * * LOW HITPOINT WARNING * * *
You open the large door.
There is a large open door here.
There is a stone staircase leading up here.
The orc priest calls down the wrath of Beogh upon you.
Beogh smites you!
You die...

...........# #.#.###....#
#..........# #..........# '#
.........#.###########.#
.......................
###.#######.##.......#
###.#######.##.......#
..>..................#
.#.#########.#.......#
......######.#..@....#.#
................o......#
.........###..##'.......
.(.............O'.......
...............##.......
..............O# .......
...............##..........
...............##o........
....................<....####
......#'###...................
..#####.#
#..............[.....


You could see an ogre, an orc priest and an orc.

Vanquished Creatures
  An adder (D:3)
  A worm (D:3)
  A dart slug (D:2)
  An orc (D:3)
  2 giant cockroaches
  5 goblins
  A hobgoblin (D:2)
  3 jackals (D:2)
  A quokka (D:3)
  A ball python (D:3)
  4 bats
  2 frilled lizards (D:1)
  4 kobolds
  3 rats
30 creatures vanquished.

Notes
Turn   | Place    | Note
-------+----------+-------------------------------------------
     0 | Abyss:1  | grimtooth the Palentonga Abyssal Knight began the quest for
                  | the Orb.
     0 | Abyss:1  | Reached XP level 1. HP: 19/19 MP: 2/2
    71 | Abyss:1  | Noticed a small abomination
    91 | D:1      | Escaped the Abyss
   394 | D:1      | Found a faded altar of an unknown god.
   973 | D:2      | Reached XP level 2. HP: 24/25 MP: 3/3
  1004 | D:2      | Found Lalopl Ymuc's Distillery.
  1037 | D:2      | Reached * piety under Lugonu
  1390 | D:2      | Bought a potion of curing for 33 gold pieces
  1480 | D:3      | Reached XP level 3. HP: 21/31 MP: 4/4
  1653 | D:3      | Noticed an ogre
  1703 | D:3      | Killed from afar by an orc priest

Illustrated notes

Levels and vault maps discovered:
D:1:      lordsloth_arrival_two_stooges, layout_loops_corners,
          dreamdust_ecumenical_altar_angels_and_demons,
          hangedman_decor_slide_cut, chequers_big_river
D:2:      layout_rooms, serial_shops, nicolae_shop_waterfront,
          nrook_loot_triangle
D:3:      layout_basic

Skill      XL: |  1  2 |
---------------+-------+-----
Maces & Flails | 3 |  3.4
Fighting       | |  3.5
Armour         | |  1.5
Dodging        | |  0.7
Invocations    | |  2.0

Action                   || total
-------------------------++-------
Melee: Mace              ||    76
       Tailslap          ||     7
Invok: Depart the Abyss  ||     1
 Abil: Rolling Charge    ||    28
  Use: Scroll            ||     5
Armor: Ring mail         ||    42
Dodge: Dodged            ||    18
